 Dungeon Crawl Stone Soup version 0.29.0-4-gdea44cf6ec (webtiles) character file.

Game seed: 7833922847025790518

2099 qw the Grappler (level 9, 0/85 HPs)
             Began as a Troll Cinder Acolyte on Aug 31, 2022.
             Was an Elder of Ignis.
             Succumbed to an orc warrior's poison
             ... on level 7 of the Dungeon.
             The game lasted 00:02:12 (4694 turns).

qw the Grappler (Troll Cinder Acolyte)              Turns: 4694, Time: 00:02:12

Health: 0/85       AC: 17    Str: 34    XL:     9   Next: 7%
Magic:  9/9        EV:  9    Int: 10    God:    Ignis [****..]
Gold:   429        SH:  0    Dex:  8    Spells: 10/10 levels left

rFire   + . .      SeeInvis .     - Unarmed
rCold   . . .      Faith    .   (no shield)
rNeg    + + .      Spirit   .   a - +0 robe
rPois   .          Reflect  .   (helmet restricted)
rElec   .          Harm     .   m - +5 cloak of Decaying Surprise {rN++ Dex+3}
rCorr   .          Rampage  .   (gloves unavailable)
Will    .....                   (boots unavailable)
Stlth   +.........              (no amulet)
HPRegen 1.04/turn               r - +6 ring of strength
MPRegen 0.11/turn               (no ring)

@: lethally poisoned (0 -> -3), fiery-armoured
A: large, unfitting armour, claws 3, regeneration 1, shaggy fur 1, tough skin 1
a: Renounce Religion, Fiery Armour, Foxfire Swarm, Rising Flame


You were on level 7 of the Dungeon.
You worshipped Ignis.
Ignis was greatly pleased with you.
You visited 1 branch of the dungeon, and saw 7 of its levels.

You collected 429 gold pieces.


Innate Abilities, Weirdness & Mutations

You are too large for most types of armour.
You have claws for hands.
Your natural rate of healing is unusually fast.
You are covered in fur. (AC +1)
You have tough skin. (AC +1)


   Skills:
 - Level 4.4 Fighting
 - Level 2.1 Throwing
 - Level 1.3 Dodging
 + Level 10.9 Unarmed Combat
 - Level 1.0 Spellcasting
 - Level 2.1 Fire Magic


You had 10 spell levels left.
You didn't know any spells.
Your spell library contained the following spells:

 Spells                   Type           Power      Damage    Failure   Level
 Scorch                   Fire           8%         2d5       22%         2

Inventory:

Missiles
 i - 4 boomerangs (quivered)
Armour
 a - a +0 robe (worn)
 f - +0 steam dragon scales
 m - the +5 cloak of Decaying Surprise (worn) {rN++ Dex+3}
   (You acquired it on level 4 of the Dungeon)

   Dex:       It affects your dexterity (+3).
   rN:        It greatly protects you from negative energy.
Jewellery
 r - a +6 ring of strength (left claw)
Scrolls
 b - a scroll of identify
 j - a scroll of poison {unknown}
 s - a scroll of brand weapon
Potions
 c - a potion of resistance
 d - a potion of mutation
 e - 2 potions of might
 k - a potion of curing {unknown}
 l - a potion of attraction {unknown}
 n - a potion of lignification {unknown}
 o - a potion of degeneration {unknown}
 q - 2 potions of invisibility {unknown}

Dungeon Overview and Level Annotations

Branches:
Dungeon (7/15)             Temple (0/1) D:5

Altars:
Cheibriados
Elyvilon
Ru


Message History

You feel extremely sick.
The orc warrior hits you with a +2 glaive of venom.
You are more poisoned.
The orc barely misses you.
You claw the orc warrior! Your claw misses the orc warrior.
The orc warrior is almost dead.
You feel extremely sick.
The orc warrior hits you but does no damage.
You are lethally poisoned!
The orc warrior is burned by your cloak of flames.
The orc warrior is almost dead.
The shadow imp shouts, "Fly, thou peeagling unchin-snouted ratsbane!"
The orc hits you but does no damage.
The orc is burned by your cloak of flames.
The orc is severely wounded.
You scratch the orc warrior but do no damage.
You claw the orc warrior.
You kill the orc warrior!
You feel extremely sick.
You scratch the orc.
You kill the orc!
You feel very sick.
The shadow imp hits you but does no damage.
The shadow imp is burned by your cloak of flames.
The shadow imp is severely wounded.
You scratch the shadow imp but do no damage.
The shadow imp is severely wounded.
You feel very sick.
The shadow imp hits you but does no damage.
You mangle the shadow imp!!
You kill the shadow imp!
You feel very sick.
There is a lethal amount of poison in your body!
You feel very sick.
There is a lethal amount of poison in your body!
You feel very sick.
There is a lethal amount of poison in your body!
You feel sick.
There is a lethal amount of poison in your body!
You die...

######### #..........
#.......# #..........
#.......# #..........
##.......#.###....((....
....#.#### .............
....#.# #<.?........
....#.# #...))......
....#.# #...@..!....
......# #..)........
......# #...........
......# #....(......
......# #...........
......#######...........
##...........[..........
.......######...........
.......................


There were no monsters in sight!

Vanquished Creatures
  A steam dragon (D:7)
  An orc warrior (D:7)
  2 ice beasts
  2 ogres (D:6)
  A phantom (D:6)
  A bullfrog (D:6)
  A necrophage (D:6)
  A scorpion (D:5)
  13 wights
  2 quasits
  A hound (D:6)
  An orc priest (D:7)
  An iron imp (D:4)
  A gnoll bouda (D:5)
  5 iguanas
  Terence (D:2)
  3 gnolls (D:5)
  4 river rats (D:6)
  6 adders
  5 shadow imps
  A white imp (D:6)
  3 ufetubi
  3 worms (D:6)
  2 dart slugs (D:1)
  4 orcs
  7 endoplasms
  3 giant cockroaches
  2 goblins
  7 hobgoblins
  10 jackals
  8 kobolds
  A ball python (D:4)
  2 bats
  2 frilled lizards
  8 rats
116 creatures vanquished.

Vanquished Creatures (others)
  3 plants (D:5)
3 creatures vanquished.

Grand Total: 119 creatures vanquished

Notes
Turn   | Place    | Note
-------+----------+-------------------------------------------
     0 | D:1      | qw the Troll Cinder Acolyte began the quest for the Orb.
     0 | D:1      | Reached XP level 1. HP: 22/22 MP: 1/1
     0 | D:1      | 0 ||| qw: Version: 0.1-a-97-g2dd2ca4
     0 | D:1      | 0 ||| qw: Game counter: 4546
     0 | D:1      | 0 ||| qw: Always use a shield: true
     0 | D:1      | 0 ||| qw: God list: Okawaru
     0 | D:1      | 0 ||| qw: Allow faded altars: false
     0 | D:1      | 0 ||| qw: Do Orc after D:15 true
     0 | D:1      | 0 ||| qw: Do second Lair branch before Depths: true
     0 | D:1      | 0 ||| qw: Lair rune preference: random
     0 | D:1      | 0 ||| qw: Plans: Normal
     0 | D:1      | 0 ||| PLANNING D:1-11
   104 | D:1      | 104 ||| Stepping ~*~*~tactically~*~*~ (stealth).
   156 | D:1      | Reached XP level 2. HP: 29/29 MP: 2/2
   320 | D:1      | 320 ||| Stepping ~*~*~tactically~*~*~ (outnumbered).
   394 | D:1      | Reached skill level 4 in Unarmed Combat
   400 | D:1      | 400 ||| Stepping ~*~*~tactically~*~*~ (stealth).
   467 | D:1      | Reached XP level 3. HP: 36/36 MP: 3/3
   680 | D:1      | 680 ||| READING scroll labelled DUPTOQ HUSY.
   681 | D:1      | 681 ||| READING scroll labelled WOZXAI PADGHERR.
   682 | D:1      | 682 ||| READING scroll labelled ABICOKY ZEASE.
   683 | D:1      | 683 ||| DRINKING 2 white potions.
   684 | D:1      | 684 ||| DROPPING potion of brilliance.
   861 | D:2      | Noticed Terence
   869 | D:2      | Killed Terence
   870 | D:2      | Reached skill level 1 in Throwing
   907 | D:2      | 907 ||| Stepping ~*~*~tactically~*~*~ (stealth).
   976 | D:2      | Reached XP level 4. HP: 44/44 MP: 4/4
  1461 | D:2      | 1461 ||| DRINKING 2 fizzy grey potions.
  1462 | D:2      | 1462 ||| DRINKING 2 grey potions.
  1463 | D:2      | 1463 ||| READING 2 scrolls of identify.
  1463 | D:2      | 1463 ||| IDENTIFYING bubbling brown potion
  1835 | D:3      | Found a faded altar of an unknown god.
  2129 | D:3      | 2129 ||| READING scroll labelled HIORER HUSUQ FULU.
  2130 | D:3      | 2130 ||| READING scroll labelled KIAMOA VUGO.
  2131 | D:3      | 2131 ||| READING scroll labelled VATUR LEAVEOJUTAC.
  2159 | D:4      | 2159 ||| STAIRDANCE
  2167 | D:4      | 2167 ||| Stepping ~*~*~tactically~*~*~ (outnumbered).
  2168 | D:4      | 2168 ||| Stepping ~*~*~tactically~*~*~ (outnumbered).
  2169 | D:4      | 2169 ||| Stepping ~*~*~tactically~*~*~ (outnumbered).
  2254 | D:4      | Found a snail-covered altar of Cheibriados.
  2265 | D:4      | Reached skill level 5 in Unarmed Combat
  2299 | D:4      | Reached XP level 5. HP: 39/50 MP: 5/5
  3061 | D:4      | 3061 ||| READING scroll labelled QETELUCECU.
  3061 | D:4      | Identified a scroll of acquirement
  3061 | D:4      | 3061 ||| ACQUIRING +5 cloak of Decaying Surprise {rN++
                  | Dex+3}
  3061 | D:4      | Acquired the +5 cloak of Decaying Surprise {rN++ Dex+3}
  3063 | D:4      | 3063 ||| UPGRADING to +5 cloak of Decaying Surprise {rN++
                  | Dex+3}.
  3068 | D:4      | 3068 ||| READING 2 scrolls of identify.
  3068 | D:4      | 3068 ||| IDENTIFYING glowing coppery potion
  3069 | D:4      | 3069 ||| DROPPING potion of flight.
  3098 | D:5      | Entered Level 5 of the Dungeon
  3213 | D:5      | Found a white marble altar of Elyvilon.
  3273 | D:5      | Reached skill level 6 in Unarmed Combat
  3295 | D:5      | 3295 ||| Stepping ~*~*~tactically~*~*~ (stealth).
  3297 | D:5      | 3297 ||| Stepping ~*~*~tactically~*~*~ (hiding).
  3303 | D:5      | 3303 ||| INVOKING Fiery Armour.
  3310 | D:5      | Reached skill level 1 in Dodging
  3312 | D:5      | 3312 ||| Stepping ~*~*~tactically~*~*~ (outnumbered).
  3313 | D:5      | 3313 ||| Stepping ~*~*~tactically~*~*~ (outnumbered).
  3314 | D:5      | 3314 ||| Stepping ~*~*~tactically~*~*~ (outnumbered).
  3318 | D:5      | Reached XP level 6. HP: 41/59 MP: 6/6
  3477 | D:5      | Found a staircase to the Ecumenical Temple.
  3613 | D:5      | 3613 ||| READING scroll labelled KENOAM IXKO.
  3614 | D:5      | 3614 ||| READING 3 scrolls of identify.
  3614 | D:5      | 3614 ||| IDENTIFYING bubbling white potion
  3615 | D:5      | 3615 ||| READING 2 scrolls of identify.
  3615 | D:5      | 3615 ||| IDENTIFYING bubbling inky potion
  3616 | D:5      | 3616 ||| DROPPING potion of berserk rage.
  3637 | D:6      | Noticed an ice beast
  3638 | D:6      | 3638 ||| PLANNING SEWER
  3638 | D:6      | 3638 ||| INVOKING Fiery Armour.
  3639 | D:6      | 3639 ||| STAIRDANCE
  3655 | D:6      | 3655 ||| STAIRDANCE
  3664 | D:5      | HP: 13/55 [wight/+0 hand axe (3)]
  3665 | D:5      | 3665 ||| DRINKING 2 potions of heal wounds.
  3667 | D:5      | Reached skill level 7 in Unarmed Combat
  3704 | D:6      | 3704 ||| STAIRDANCE
  3707 | D:5      | Killed an ice beast
  3708 | D:5      | Reached XP level 7. HP: 57/66 MP: 7/7
  3723 | D:6      | Reached skill level 8 in Unarmed Combat
  3723 | D:6      | 3723 ||| Stepping ~*~*~tactically~*~*~ (hiding).
  3738 | D:6      | 3738 ||| Stepping ~*~*~tactically~*~*~ (stealth).
  3755 | D:6      | Reached skill level 3 in Fighting
  3755 | D:6      | 3755 ||| FLEEEEING.
  3756 | D:6      | 3756 ||| FLEEEEING.
  3757 | D:6      | 3757 ||| FLEEEEING.
  3842 | D:6      | Reached XP level 8. HP: 37/75 MP: 8/8
  3842 | D:6      | 3842 ||| INVOKING Fiery Armour.
  3845 | D:6      | Reached skill level 9 in Unarmed Combat
  4000 | D:6      | Found a sacrificial altar of Ru.
  4065 | D:6      | 4065 ||| Stepping ~*~*~tactically~*~*~ (outnumbered).
  4067 | D:6      | 4067 ||| Stepping ~*~*~tactically~*~*~ (outnumbered).
  4068 | D:6      | 4068 ||| Stepping ~*~*~tactically~*~*~ (outnumbered).
  4069 | D:6      | 4069 ||| Stepping ~*~*~tactically~*~*~ (outnumbered).
  4070 | D:6      | 4070 ||| Stepping ~*~*~tactically~*~*~ (outnumbered).
  4071 | D:6      | 4071 ||| Stepping ~*~*~tactically~*~*~ (outnumbered).
  4283 | D:6      | Reached skill level 10 in Unarmed Combat
  4358 | D:6      | 4358 ||| RIP SEWER
  4405 | D:6      | 4405 ||| PLANNING D:1-11
  4473 | D:6      | 4473 ||| UPGRADING to +6 ring of strength.
  4474 | D:6      | 4474 ||| READING scroll labelled FAJ TUDIHUISCHA.
  4475 | D:6      | 4475 ||| READING scroll labelled YPLYNT IGERUQEX.
  4476 | D:6      | 4476 ||| READING 2 scrolls of identify.
  4476 | D:6      | 4476 ||| IDENTIFYING green potion
  4477 | D:6      | 4477 ||| DROPPING potion of magic.
  4570 | D:7      | 4570 ||| Stepping ~*~*~tactically~*~*~ (outnumbered).
  4571 | D:7      | 4571 ||| Stepping ~*~*~tactically~*~*~ (outnumbered).
  4572 | D:7      | 4572 ||| Stepping ~*~*~tactically~*~*~ (outnumbered).
  4573 | D:7      | 4573 ||| Stepping ~*~*~tactically~*~*~ (outnumbered).
  4574 | D:7      | 4574 ||| Stepping ~*~*~tactically~*~*~ (outnumbered).
  4575 | D:7      | 4575 ||| Stepping ~*~*~tactically~*~*~ (outnumbered).
  4576 | D:7      | 4576 ||| Stepping ~*~*~tactically~*~*~ (outnumbered).
  4577 | D:7      | 4577 ||| Stepping ~*~*~tactically~*~*~ (outnumbered).
  4578 | D:7      | 4578 ||| STAIRDANCE
  4581 | D:6      | 4581 ||| INVOKING Fiery Armour.
  4584 | D:6      | HP: 15/76 [wight/+4 dire flail (11)]
  4585 | D:6      | 4585 ||| DRINKING 2 potions of heal wounds.
  4625 | D:6      | 4625 ||| READING scroll labelled DICOPS XIJENOV.
  4629 | D:7      | 4629 ||| STAIRDANCE
  4638 | D:7      | Reached XP level 9. HP: 79/85 MP: 9/9
  4684 | D:7      | HP: 21/85 [poisoned by an orc warrior]
  4685 | D:7      | 4685 ||| DRINKING potion of heal wounds.
  4689 | D:7      | HP: 13/85 [poisoned by an orc warrior]
  4691 | D:7      | HP: 6/85 [poisoned by an orc warrior]
  4693 | D:7      | HP: 2/85 [poisoned by an orc warrior]
  4694 | D:7      | Succumbed to an orc warrior's poison

Levels and vault maps discovered:
D:1:      heliophobic_arrival_enchanted_forest, layout_basic
D:2:      layout_loops_ring, roderic_roman_lattice, uniq_terence
D:3:      layout_loops_cross, hellmonk_ecumenical_altar_pennies_from_heaven,
          minmay_misc_feat_room
D:4:      layout_loops_ring, slow_altar_1, grunt_ministairs_7,
          chequers_big_river
D:5:      layout_rooms, nicolae_elyvilon_temple_path, minmay_temple_entry_fiery,
          minmay_liquid_box, chequers_serial_rivers_small_b
D:6:      layout_gridville, nicolae_ru_sacrificial_ziggurat,
          lightli_sewer_entry_pipes, serial_demonic, serial_demonic_d,
          serial_demonic_a, serial_demonic_a, serial_demonic_c,
          nicolae_elevator_lobby_asterisk
D:7:      layout_basic, minmay_between

Skill      XL: |  1  2  3  4  5  6  7  8 |
---------------+-------------------------+-----
Unarmed Combat | 4 5 6 7 8 10 | 10.9
Throwing       | 1 2 |  2.1
Dodging        | 1 |  1.3
Fighting       | 3 4 |  4.4
Spellcasting   | |  1.0
Fire Magic     | |  2.1

Action                   |  1- 3 |  4- 6 |  7- 9 || total
-------------------------+-------+-------+-------++-------
Melee: Unarmed           |    80 |    71 |   107 ||   258
       Punch             |       |     1 |     6 ||     7
Throw: Javelin           |     9 |    28 |    11 ||    48
       Boomerang         |       |     1 |     3 ||     4
Invok: Fiery Armour      |       |     2 |     2 ||     4
  Use: Scroll            |     3 |     9 |     4 ||    16
       Potion            |     1 |     3 |     2 ||     6
Armor: Robe              |    26 |    41 |    42 ||   109
Dodge: Dodged            |    28 |    39 |    45 ||   112

Table legend:
 A = Non-vault XP
 B = Vault XP
 C = Vault XP percentage of total XP
 D = Non-vault monster count
 E = Vault monster count
 F = Vault count percentage of total count
                 A         B        C        D         E       F
            +---------+---------+-------+---------+---------+-------
      Total |    2641 |     358 |  11.9 |      90 |      26 |  22.4
            +---------+---------+-------+---------+---------+-------
        D:1 |      42 |       0 |   0.0 |      22 |       0 |   0.0
        D:2 |      24 |      36 |  60.0 |      14 |       1 |   6.7
        D:3 |      11 |       2 |  15.4 |       6 |       1 |  14.3
        D:4 |      82 |      42 |  33.9 |       8 |       2 |  20.0
        D:5 |     579 |      48 |   7.7 |      14 |       1 |   6.7
        D:6 |    1326 |     230 |  14.8 |      18 |      21 |  53.8
        D:7 |     577 |       0 |   0.0 |       8 |       0 |   0.0
            +---------+---------+-------+---------+---------+-------
